 Dungeon Crawl Stone Soup version 0.21.0-3-g78d12a8 (webtiles) character file.

28 Mefis the Magician (level 3, 19/19 HPs)
             Began as a Deep Elf Wizard on Jan 9, 2018.
             Quit the game on level 1 of the Dungeon.
             The game lasted 00:01:48 (866 turns).

Mefis the Magician (Deep Elf Wizard)                 Turns: 866, Time: 00:01:49

Health: 19/19      AC:  2    Str:  5    XL:     3   Next: 0%
Magic:  4/11       EV: 13    Int: 22    God:
Gold:   25         SH:  0    Dex: 13    Spells: 7/12 levels left

rFire    . . .     SeeInvis .   l - +0 dagger
rCold    . . .     Gourm    .   (no shield)
rNeg     . . .     Faith    .   a - +0 robe
rPois    .         Spirit   .   b - +0 hat
rElec    .         Reflect  .   (no cloak)
rCorr    .         Harm     .   (no gloves)
MR       .....                  (no boots)
Stlth    ++........             (no amulet)
HPRegen  0.06/turn              (no ring)
MPRegen  0.12/turn              (no ring)

@: no status effects
A: no striking features
a: no special abilities


You were on level 1 of the Dungeon.
You were not hungry.

You visited 1 branch of the dungeon, and saw 1 of its levels.

You collected 25 gold pieces.

Inventory:

Hand Weapons
 e - a +0 club
 f - a +0 hunting sling
 l - a +0 dagger (weapon)
Missiles
 g - 27 stones (quivered)
 m - 10 sling bullets
Armour
 a - a +0 robe (worn)
 b - a +0 hat (worn)
Scrolls
 h - 2 scrolls of fear {unknown}
 j - 2 scrolls of teleportation {unknown}
 k - a scroll of enchant armour {unknown}
Potions
 i - 2 potions of brilliance {unknown}
Books
 c - a book of Minor Magic

   Spells                             Type                      Level
   a - Magic Dart                     Conjuration                  1
   b - Blink                          Translocation                2
   c - Call Imp                       Summoning                    2
   d - Slow                           Hexes                        2
   e - Conjure Flame                  Conjuration/Fire             3
   f - Mephitic Cloud                 Conjuration/Poison/Air       3
Comestibles
 d - 3 rations


   Skills:
 + Level 2.8 Dodging
 + Level 2.8 Stealth
 * Level 5.0 Spellcasting
 + Level 1.6 Conjurations
 + Level 1.2 Summonings
 + Level 1.2 Translocations


You had 7 spell levels left.
You knew the following spells:

 Your Spells              Type           Power        Failure   Level  Hunger
a - Magic Dart            Conj           ##..         4%          1    None
b - Call Imp              Summ           ##......     9%          2    None
c - Blink                 Tloc           N/A          9%          2    None


Dungeon Overview and Level Annotations

Branches:
Dungeon (1/15)

Altars:


Message History

Your crimson imp barely misses the jackal.
The jackal completely misses your crimson imp.
Your crimson imp barely misses the jackal.
The jackal bites your crimson imp.
The jackal closely misses your crimson imp.
Your crimson imp closely misses the jackal.
The jackal barely misses your crimson imp.
Your crimson imp blinks!
You swap places.
Your crimson imp hits the jackal but does no damage.
The jackal barely misses your crimson imp.
Your crimson imp hits the goblin.
The goblin dies!
You have reached level 3!
Your experience leads to an increase in your attributes!
Increase (S)trength, (I)ntelligence, or (D)exterity?
You feel stronger.
Your crimson imp misses the jackal.
The jackal bites your crimson imp.
Your crimson imp blinks!
Are you sure you want to abandon this character and quit the game? (Confirm with "yes".)

#..............).....# #.
##...†.##.####...#.#.# #.
#.......#.# #............
#.........####.###.######.
#..............# #.# #.
##.....##.###### #.# ##
##...###.# .># #.### #.#
### #.# #@# #.# #5# #h#
#h# #r# #.....h..g.
###.§...... ########.


You could see 2 jackals, a rat and a friendly crimson imp.

Vanquished Creatures
  A leopard gecko (D:1)
  A ball python (D:1)
  A giant cockroach (D:1)
  2 goblins (D:1)
  3 hobgoblins (D:1)
  4 jackals (D:1)
  3 kobolds (D:1)
  3 bats (D:1)
  2 frilled lizards (D:1)
  5 rats (D:1)
25 creatures vanquished.

Vanquished Creatures (collateral kills)
  A goblin (D:1)
1 creature vanquished.

Grand Total: 26 creatures vanquished

Notes
Turn   | Place    | Note
-------+----------+-------------------------------------------
     0 | D:1      | Mefis the Deep Elf Wizard began the quest for the Orb.
     0 | D:1      | Reached XP level 1. HP: 10/10 MP: 7/7
   253 | D:1      | Reached XP level 2. HP: 15/15 MP: 6/9
   257 | D:1      | Learned a level 2 spell: Call Imp
   260 | D:1      | Learned a level 2 spell: Blink
   568 | D:1      | Reached skill level 5 in Spellcasting
   864 | D:1      | Reached XP level 3. HP: 19/19 MP: 3/11
   866 | D:1      | Quit the game

Skill      XL: |  1  2 |
---------------+-------+-----
Spellcasting   | 5 |  5.0
Dodging        | |  2.8
Stealth        | |  2.8
Conjurations   | |  1.6
Summonings     | |  1.2
Translocations | |  1.2

Action                   || total
-------------------------++-------
Melee: Club              ||     7
 Cast: Magic Dart        ||    60
       Call Imp          ||     2
Armor: Robe              ||     5
Dodge: Dodged            ||    14
